 Dungeon Crawl Stone Soup version 0.23.2 (webtiles) character file.

Game seed: 14441476920789239454

51 dvd the Chopper (level 3, -1/35 HPs)
             Began as a Troll Gladiator on Apr 7, 2019.
             Slain by Natasha (6 damage)
             ... on level 2 of the Dungeon.
             The game lasted 00:01:55 (1250 turns).

dvd the Chopper (Troll Gladiator)                   Turns: 1250, Time: 00:01:56

Health: -1/35      AC:  6    Str: 22    XL:     3   Next: 57%
Magic:  0/2        EV: 11    Int:  4    God:
Gold:   78         SH:  0    Dex: 12    Spells: 2/2 levels left

rFire    . . .     SeeInvis .   a - +0 war axe
rCold    . . .     Gourm    +   (no shield)
rNeg     . . .     Faith    .   b - +0 robe
rPois    .         Spirit   +   c - +0 hat
rElec    .         Reflect  .   (no cloak)
rCorr    .         Harm     .   (gloves unavailable)
MR       .....                  (boots unavailable)
Stlth    +.........             o - amulet of guardian spirit
HPRegen  0.51/turn              (no ring)
MPRegen  0.08/turn              (no ring)

@: slowed, very slow
A: large, unfitting armour, claws 3, fast metabolism 3, gourmand, regeneration
1, shaggy fur 1, tough skin 3
a: no special abilities


You were on level 2 of the Dungeon.
You were very full.

You visited 1 branch of the dungeon, and saw 2 of its levels.

You collected 78 gold pieces.

Inventory:

Hand Weapons
 a - a +0 war axe (weapon)
 m - a +0 whip of venom
Missiles
 d - 2 throwing nets (quivered)
Armour
 b - a +0 robe (worn)
 c - a +0 hat (worn)
Jewellery
 o - an amulet of guardian spirit (around neck)
Wands
 t - a wand of polymorph (6)
Scrolls
 e - a scroll of fog {unknown}
 g - a scroll of enchant weapon {unknown}
 h - a scroll of teleportation {unknown}
 j - a scroll of identify {unknown}
 l - a scroll of remove curse {unknown}
 q - a scroll of amnesia {unknown}
Potions
 i - a potion of degeneration {unknown}
 k - a potion of curing {unknown}
 n - a potion of heal wounds {unknown}
 p - 2 potions of lignification {unknown}
 r - a potion of flight {unknown}
Comestibles
 f - 3 rations
 s - 7 chunks of flesh


   Skills:
 + Level 2.0 Fighting
 + Level 3.1 Axes
 + Level 1.8 Throwing
 + Level 2.9 Dodging


You had 2 spell levels left.
You didn't know any spells.
Your spell library was empty.

Dungeon Overview and Level Annotations

Branches:
Dungeon (2/15)

Altars:

Annotations:
D:2 Natasha


Innate Abilities, Weirdness & Mutations

You are too large for most types of armour.
You have claws for hands.
Your metabolism is lightning-fast.
You like to eat raw meat.
Your natural rate of healing is unusually fast.
You are covered in fur. (AC +1)
You have extremely tough skin. (AC +3)


Message History

Natasha is lightly wounded.
You slash the frilled lizard!
You kill the frilled lizard!
Natasha howls an incantation.
Natasha shimmers violently.
Natasha drinks a potion.
Natasha seems to grow stronger.
Natasha misses you.
You closely miss Natasha.
Natasha is lightly wounded.
Natasha casts a spell at you. The magic dart hits you. Natasha claws you.
You closely miss Natasha.
Natasha is lightly wounded.
Natasha stares at you and mumbles some strange words.
The magic dart hits you! Natasha claws you but does no damage.
You barely miss Natasha.
Natasha is lightly wounded.
Natasha claws you. Natasha claws you!
* * * LOW HITPOINT WARNING * * *
Natasha claws you!
You die...

####### ....... ...#####
#####+## ........ #......#
...#### #......# ...# #......#
...## #......########### ....#
#.$h@............. ....#
..#................. ....#
#.#####+#........... #'### ..
#.#........... #.# #.##
#.#...รท....... #.# #..#
#.#........... #.#
#.###.#...........
#.###########..##.#...........
..........(....)..'..........>


You could see Natasha.

Vanquished Creatures
  An adder (D:2)
  A worm (D:2)
  A dart slug (D:2)
  A leopard gecko (D:2)
  2 giant cockroaches (D:1)
  7 goblins
  6 hobgoblins
  4 kobolds
  2 ball pythons
  2 frilled lizards
  5 rats (D:1)
32 creatures vanquished.

Notes
Turn   | Place    | Note
-------+----------+-------------------------------------------
     0 | D:1      | dvd the Troll Gladiator began the quest for the Orb.
     0 | D:1      | Reached XP level 1. HP: 19/19 MP: 0/0
   106 | D:1      | Reached XP level 2. HP: 20/28 MP: 1/1
  1101 | D:2      | Reached XP level 3. HP: 32/35 MP: 2/2
  1223 | D:2      | Reached skill level 3 in Axes
  1242 | D:2      | Noticed Natasha
  1250 | D:2      | Slain by Natasha

Skill      XL: |  1  2  3 |
---------------+----------+-----
Fighting       | 2 |  2.0
Axes           | 3 |  3.1
Throwing       | |  1.8
Dodging        | |  2.9

Action                   || total
-------------------------++-------
Melee: War axe           ||   105
Throw: Throwing net      ||     1
  Eat: Chunk             ||    17
Armor: Robe              ||    42
Dodge: Dodged            ||    77
